 Dungeon Crawl Stone Soup version 0.28.0-43-g3370ac3207 (webtiles) character file.

Game seed: 1492370898333091061

4863 terff the Cleaver (level 10, -7/90 HPs)
             Began as a Hill Orc Fighter on Apr 1, 2022.
             Was a Priest of Okawaru.
             Mangled by a large abomination (14 damage)
             ... on level 2 of the Abyss.
             The game lasted 00:25:27 (11232 turns).

terff the Cleaver (Hill Orc Fighter)               Turns: 11232, Time: 00:25:28

Health: -7/90      AC: 37    Str: 20    XL:     10   Next: 50%
Magic:  0/10       EV:  3    Int:  8    God:    Okawaru [***...]
Gold:   341        SH:  7    Dex: 16    Spells: 9/9 levels left

rFire   + + .      SeeInvis .   a - +1 war axe
rCold   + . .      Faith    .   c - +1 buckler
rNeg    . . .      Spirit   +   C - +12 crystal plate armour of Newikaupt {+Blink Dex+2}
rPois   .          Reflect  .   (no helmet)
rElec   .          Harm     .   d - +1 cloak
rCorr   .          Rampage  .   (no gloves)
Will    .....                   m - +2 pair of boots
Stlth   ..........              g - amulet "Belo" {Spirit rF++ rC+}
HPRegen 0.00/turn               v - ring of wizardry
MPRegen 0.12/turn               (no ring)

@: sick
A: no striking features
a: Renounce Religion, Evoke Blink, Heroism


You were on level 2 of the Abyss.
You worshipped Okawaru.
Okawaru was most pleased with you.
You visited 2 branches of the dungeon, and saw 10 of its levels.
You visited the Abyss 1 time.

You collected 373 gold pieces.
You spent 32 gold pieces at shops.

Inventory:

Hand Weapons
 a - a +1 war axe (weapon)
 b - a +2 glaive of venom
Missiles
 x - a throwing net (quivered)
Armour
 c - a +1 buckler (worn)
 d - a +1 cloak (worn)
 h - a scarf of invisibility
 m - a +2 pair of boots (worn)
 C - the +12 crystal plate armour of Newikaupt (worn) {+Blink Dex+2}
   (You acquired it on level 8 of the Dungeon)

   Dex:       It affects your dexterity (+2).
   +Blink:    It lets you blink.
Jewellery
 g - the amulet "Belo" (around neck) {Spirit rF++ rC+}
   (You found it on level 3 of the Dungeon)

   [amulet of guardian spirit]

   It causes incoming damage to be divided between your reserves of health and
   magic.
   rF:        It greatly protects you from fire.
   rC:        It protects you from cold.
 v - a ring of wizardry (left hand)
Wands
 p - a wand of acid (12)
 q - a wand of iceblast (20)
 r - a wand of paralysis (2)
 t - a wand of flame (72)
 A - a wand of digging (7)
Scrolls
 u - a scroll of immolation
 y - a scroll of enchant weapon
Potions
 e - 2 potions of ambrosia
 f - a potion of haste {unknown}
 j - a potion of attraction {unknown}
 k - 2 potions of flight {unknown}
 l - a potion of degeneration {unknown}
 n - a potion of mutation {unknown}
 o - a potion of curing
 z - a potion of invisibility {unknown}


   Skills:
 + Level 8.4 Fighting
 + Level 13.9 Axes
 + Level 8.3 Armour
 + Level 1.4 Dodging
 + Level 1.5 Stealth
 + Level 5.9 Shields


You had 9 spell levels left.
You didn't know any spells.
Your spell library contained the following spells:

 Spells                   Type           Power      Damage    Failure   Level
 Sandblast                Erth           0%         2d4       100%        1
 Blink                    Tloc           0%         N/A       100%        2
 Ensorcelled Hibernation  Hex/Ice        0%         N/A       100%        2
 Passwall                 Tmut/Erth      0%         N/A       100%        2
 Ignite Poison            Fire/Tmut/Pois 0%         N/A       100%        3
 Mephitic Cloud           Conj/Pois/Air  0%         N/A       100%        3
 Stone Arrow              Conj/Erth      0%         3d7       100%        3
 Swiftness                Air            0%         N/A       100%        3
 Freezing Cloud           Conj/Ice/Air   0%         6-21      100%        5
 Manifold Assault         Tloc           0%         N/A       100%        5
 Storm Form               Tmut/Air       0%         N/A       100%        7
 Summon Small Mammal      Summ           Unusable   N/A       N/A         1
 Call Canine Familiar     Summ           Unusable   N/A       N/A         3
 Summon Guardian Golem    Hex/Summ       Unusable   N/A       N/A         3

Dungeon Overview and Level Annotations

Branches:
Dungeon (9/15)             Temple (1/1) D:4             Orc (0/2) D:9
   Lair: D:8-11

Altars:
Cheibriados
Hepliaklqana
Okawaru
Trog
Xom
The Shining One

Shops:
D:3 =   D:8 ?![*   D:9 (

Annotations:
D:6 Dowan
D:9 Erolcha


Message History

You hear a roar!
A thrashing horror comes into view.
The thrashing horror roars!
The raiju bursts into living lightning!
The living lightning misses you.
The raiju blinks! x2
The raiju bursts into living lightning!
The living lightning hits the raiju.
The raiju completely resists.
The living lightning hits you but does no damage.
The raiju blinks! x3
The thrashing horror tramples you!
* * * LOW HITPOINT WARNING * * *
You hold your ground!
You block the thrashing horror's attack.
The raiju bursts into living lightning!
The living lightning hits you!
* * * LOW HITPOINT WARNING * * *
The raiju blinks!
The thrashing horror tramples you but does no damage.
The thrashing horror barely misses you.
The raiju bursts into living lightning!
The living lightning hits the raiju.
The raiju completely resists.
The living lightning hits you but does no damage.
The raiju blinks!
The raiju bursts into living lightning!
The living lightning hits the raiju.
The raiju completely resists.
The living lightning hits you.
* * * LOW HITPOINT WARNING * * *
The living lightning hits the raiju.
The raiju completely resists.
The raiju blinks! x2
You barely miss the raiju. You closely miss the thrashing horror.
You hit the raiju but do no damage. You slash the large abomination!
The thrashing horror tramples you but does no damage. x2
The large abomination hits you but does no damage.
You hit the raiju.
The raiju is lightly wounded.
You barely miss the raiju. You hit the large abomination. You miss the raiju.
The thrashing horror tramples you but does no damage. x2
The raiju barely misses you.
The raiju bites you but does no damage. x2
The large abomination hits you!
You die...

#.#.. #..#.. #.#
##..#...##§.#...
#..#.#.## .. ##
####..###..... ..
####........... .
###.#..§..#.##..
.#
#.##5...#....#..
##.#Xh§.#...#.##.
# #.h@h#.#.#...##
#.h.## h... .#
#.X#...##.##.#
#.....## ## #.
#...... ###..#..
..###.# .#


You could see a thrashing horror, a large abomination, 4 raiju and a white imp.

Vanquished Creatures
  A hell knight (Abyss:2)
  Maurice (D:8)
  Joseph (D:7)
  Psyche (D:9)
  A hellwing (Abyss:2)
  A kobold demonologist (D:5)
  A red devil (Abyss:2)
  An ancient zyme (Abyss:2)
  2 hornets
  A wyvern (D:8)
  2 steam dragons (D:8)
  Duvessa (D:6)
  An ice beast (D:8)
  An ogre (D:6)
  4 orc warriors
  A black bear (D:5)
  3 necrophages
  2 centaurs
  3 kobold brigands
  2 scorpions
  A wyvern zombie (D:5)
  A wyvern skeleton (D:7)
  A water moccasin skeleton (D:7)
  3 killer bees (D:8)
  3 wights (D:7)
  A howler monkey (D:6)
  A bullfrog zombie (D:5)
  4 centaur zombies
  3 jellies
  3 orc priests
  3 hounds
  3 centaur skeletons (D:5)
  6 iguanas
  4 orc wizards (D:9)
  4 gnolls (D:6)
  7 adders
  2 ufetubi (D:4)
  3 worms
  A dart slug (D:5)
  16 orcs
  11 ball pythons
  3 endoplasms
  2 giant cockroaches (D:4)
  7 goblins
  5 hobgoblins
  4 quokkas
  11 bats
  4 frilled lizards
  23 kobolds
  4 rats
175 creatures vanquished.

Vanquished Creatures (collateral kills)
  A hobgoblin (D:2)
1 creature vanquished.

Vanquished Creatures (others)
  A sky beast (D:7)
1 creature vanquished.

Grand Total: 177 creatures vanquished

Notes
Turn   | Place    | Note
-------+----------+-------------------------------------------
     0 | D:1      | terff the Hill Orc Fighter began the quest for the Orb.
     0 | D:1      | Reached XP level 1. HP: 19/19 MP: 1/1
   156 | D:1      | Reached skill level 3 in Axes
   474 | D:1      | Reached XP level 2. HP: 22/27 MP: 2/2
  1414 | D:2      | Found a faded altar of an unknown god.
  1573 | D:2      | Reached XP level 3. HP: 28/32 MP: 3/3
  2553 | D:3      | Identified the amulet "Belo" {Spirit rF++ rC+}
  2579 | D:3      | Reached XP level 4. HP: 40/40 MP: 4/4
  2603 | D:3      | Found Bumia's Jewellery Boutique.
  2641 | D:3      | Reached skill level 4 in Axes
  2853 | D:3      | Noticed a necrophage
  2871 | D:3      | Killed a necrophage
  2872 | D:3      | Reached XP level 5. HP: 37/47 MP: 3/5
  2981 | D:3      | Reached skill level 5 in Axes
  3610 | D:4      | Reached XP level 6. HP: 39/53 MP: 4/6
  3692 | D:4      | Found a staircase to the Ecumenical Temple.
  3699 | Temple   | Entered the Ecumenical Temple
  3774 | Temple   | Became a worshipper of Warmaster Okawaru
  3840 | D:4      | Reached skill level 6 in Axes
  4161 | D:4      | Found a snail-covered altar of Cheibriados.
  4161 | D:4      | Noticed a necrophage
  4177 | D:4      | Killed a necrophage
  4188 | D:4      | Reached skill level 7 in Axes
  4188 | D:4      | Reached XP level 7. HP: 28/60 MP: 3/7
  4575 | D:4      | Reached * piety under Okawaru
  4576 | D:4      | Reached skill level 5 in Fighting
  4576 | D:4      | Reached skill level 5 in Armour
  4705 | D:5      | Entered Level 5 of the Dungeon
  5023 | D:5      | Reached skill level 8 in Axes
  5143 | D:5      | Reached XP level 8. HP: 63/70 MP: 6/8
  5259 | D:5      | Noticed a kobold demonologist
  5269 | D:5      | Killed a kobold demonologist
  5270 | D:5      | Reached skill level 9 in Axes
  5461 | D:5      | Reached ** piety under Okawaru
  6213 | D:6      | Reached skill level 10 in Axes
  6338 | D:6      | Noticed Duvessa
  6338 | D:6      | Noticed Dowan
  6830 | D:6      | Reached skill level 1 in Dodging
  7036 | D:6      | Killed Duvessa
  7037 | D:6      | Reached XP level 9. HP: 12/78 MP: 6/9
  7040 | D:6      | HP: 2/78 [poisoned by Duvessa]
  7535 | D:7      | Reached skill level 11 in Axes
  7681 | D:7      | Noticed Joseph
  8011 | D:7      | Killed Joseph
  8012 | D:7      | Reached skill level 5 in Shields
  8737 | D:7      | Reached skill level 12 in Axes
  9189 | D:8      | Reached *** piety under Okawaru
  9231 | D:8      | Noticed a hornet
  9239 | D:8      | Reached XP level 10. HP: 51/88 MP: 7/10
  9241 | D:8      | Paralysed by a hornet for 2 turns
  9631 | D:8      | Found Zoupn's Magic Scroll Boutique.
  9635 | D:8      | Found Viomooll's Antique Armour Boutique.
  9635 | D:8      | Found Ismapp's Distillery.
  9636 | D:8      | Found Jago's Assorted Antiques.
  9639 | D:8      | Bought a scroll of identify for 32 gold pieces
  9839 | D:8      | Identified a scroll of acquirement
  9839 | D:8      | Acquired the +12 crystal plate armour of Newikaupt {+Blink
                  | Dex+2}
  9967 | D:8      | Reached skill level 13 in Axes
  9990 | D:8      | Noticed Maurice
 10009 | D:8      | Killed Maurice
 10190 | D:8      | Reached skill level 1 in Stealth
 10339 | D:9      | Noticed Psyche
 10351 | D:9      | Killed Psyche
 10422 | D:9      | Found Dunkaret's Antique Weapon Boutique.
 10943 | D:9      | Found a staircase to the Orcish Mines.
 10954 | D:9      | Noticed Erolcha
 10966 | D:9      | Cast into level 2 of the Abyss (Erolcha)
 11009 | Abyss:2  | Noticed a hell knight
 11038 | Abyss:2  | Killed a hell knight
 11053 | Abyss:2  | Found a corrupted altar of Lugonu.
 11204 | Abyss:2  | Noticed a large abomination
 11220 | Abyss:2  | Noticed a large abomination
 11227 | Abyss:2  | Noticed a thrashing horror
 11232 | Abyss:2  | Mangled by a large abomination

Illustrated notes

Levels and vault maps discovered:
D:1:      dpeg_arrival_pond, layout_basic
D:2:      layout_loops_corners, shapermc_ecumenical_altar_totnotflames
D:3:      layout_basic, serial_rivers, chequers_serial_rivers_room_a,
          chequers_serial_rivers_large_a, chequers_serial_rivers_micro_a,
          chequers_serial_rivers_micro_a, chequers_serial_rivers_small_a,
          serial_shops, nicolae_shop_trees
D:4:      layout_loops_ring, slow_altar_1, minmay_temple_entry_sparse_star,
          hex_medium
D:5:      layout_layer_cave
D:6:      layout_loops_ring, uniq_duvessa
D:7:      layout_gridville, nrook_loot_triangle, uniq_joseph
D:8:      layout_cave_pods, minmay_shop_grid_forest, uniq_maurice
D:9:      layout_basic, david_orc_3, serial_shops, shop, grunt_ministairs_7,
          uniq_psyche, uniq_erolcha
Temple:   mainiacjoe_temple_trianglar_array
Abyss:2:  base: D:4, hangedman_elemental_corridor

Skill      XL: |  1  2  3  4  5  6  7  8  9 10 |
---------------+-------------------------------+-----
Axes           | 3 4 5 7 8 10 12 13 | 13.9
Fighting       | 4 5 6 7 8 |  8.4
Armour         | 4 5 6 7 8 |  8.3
Shields        | 4 5 |  5.9
Dodging        | 1 |  1.4
Stealth        | 1 |  1.5

Action                   |  1- 3 |  4- 6 |  7- 9 | 10-12 || total
-------------------------+-------+-------+-------+-------++-------
Melee: War axe           |   100 |   121 |   285 |   152 ||   658
 Abil: Evoke Blink       |       |       |       |     1 ||     1
  Use: Scroll            |     5 |     2 |     8 |     5 ||    20
       Potion            |       |       |     2 |     3 ||     5
 Stab: Distracted        |       |       |     1 |       ||     1
Armor: Scale mail        |    54 |     1 |       |       ||    55
       Chain mail        |       |    90 |   157 |     9 ||   256
       Crystal plate arm |       |       |       |   174 ||   174
Dodge: Dodged            |    61 |    62 |    89 |    32 ||   244
Block: Buckler           |    25 |    40 |    88 |    65 ||   218
